Map: Rhoskallian LE

Players

Massa - Winner!

  • Race: Terran Terran
  • League: Gold
  • Spawn Location: 12:00

qqq - Winner!

  • Race: Zerg Zerg
  • League: Platinum
  • Spawn Location: 11:00

Quarantine

  • Race: Zerg Zerg
  • Spawn Location: 5:00

HorstEBiker

  • Race: Protoss Protoss
  • League: Diamond
  • Spawn Location: 6:00

VOD

Have the link to the VOD?

Description

Time

  • Played on: July 25, 2020, 5:04 a.m.
  • Length: 14:18
Show
View Real Time Build Order
Export as new Build Order

Massa Terran - Winner!

Build Orders:  

Get SALT Encoding   

  12  0:02  SCV  
  13  0:14  SCV  
  13  0:20  Supply Depot  
  14  0:26  SCV  
  15  0:42  SCV  
  16  0:44  Barracks  
  16  0:48  Refinery  
  16  0:54  SCV  
  17  1:06  SCV  
  18  1:21  SCV  
  19  1:33  SCV  
  19  1:38  Command Center  
  21  1:40  Reaper  
  21  1:45  SCV  
  22  2:03  SCV  
  23  2:14  Supply Depot  
  23  2:17  Supply Depot  
  23  2:18  Orbital Command  
  23  2:35  Reaper  
  24  3:07  Reaper  
  25  3:17  SCV  
  25  3:20  SCV  
  25  3:22  Refinery  
  26  3:29  SCV  
  26  3:32  SCV  
  28  3:42  SCV  
  28  3:44  SCV  
  29  3:50  Marine  
  29  3:54  SCV  
  31  3:56  SCV  
  31  3:57  Barracks  
  32  4:03  Supply Depot  
  32  4:06  SCV, Factory  
  32  4:08  Marine  
  32  4:09  SCV  
  34  4:10  Supply Depot  
  34  4:14  Refinery  
  34  4:18  Engineering Bay  
  34  4:34  Barracks Tech Lab  
  34  4:36  Orbital Command  
  34  4:48  Barracks Reactor  
  34  5:02  Factory Tech Lab  
  34  5:07  Starport  
  34  5:08  SCV x2  
  36  5:17  Command Center  
  36  5:20  SCV x2  
  38  5:21  Stimpack  
  38  5:22  Marauder  
  40  5:31  Marine x2  
  40  5:32  SCV x2  
  44  5:43  Marauder, Siege Tank  
  44  5:44  SCV x2  
  44  5:47  Medivac  
  44  5:49  Marine x2  
  55  5:56  SCV x2  
  57  6:05  Marauder  
  57  6:07  Marine x2  
  57  6:08  SCV  
  57  6:09  SCV  
  63  6:20  SCV  
  63  6:21  SCV  
  63  6:24  Marine  
  63  6:25  Marine  
  67  6:26  Marauder  
  69  6:33  SCV x2  
  71  6:40  Missile Turret  
  71  6:44  Terran Infantry Weapons Level 1  
  71  6:49  Engineering Bay  
  71  6:53  Armory  
  71  6:55  Armory  
  71  7:02  Missile Turret  
  71  7:03  Missile Turret  
  71  7:10  Starport  
  71  7:11  Viking  
  71  7:15  Orbital Command  
  73  7:17  SCV  
  73  7:18  SCV  
  73  7:22  Missile Turret  
  75  7:23  Missile Turret  
  75  7:29  SCV  
  76  7:30  SCV  
  77  7:38  Concussive Shells  
  77  7:41  Medivac  
  77  7:42  SCV x2  
  81  7:44  Missile Turret x2  
  81  7:46  Refinery  
  81  7:54  SCV x2  
  83  8:00  Marauder  
  83  8:05  Command Center  
  85  8:06  Supply Depot  
  85  8:21  Combat Shield  
  85  8:27  Marine x2, Siege Tank  
  85  8:28  Marauder  
  85  8:29  Supply Depot  
  85  8:43  SCV  
  85  8:44  SCV x2  
  85  8:45  Marine x2  
  88  8:49  Marauder  
  88  8:52  Supply Depot  
  90  8:55  SCV  
  90  8:56  SCV x2  
  90  9:01  Barracks  
  93  9:03  Marine x2  
  93  9:04  Barracks, Factory  
  93  9:08  SCV x2, Medivac x2  
  101  9:10  Command Center  
  101  9:13  Terran Infantry Armor Level 1  
  101  9:14  SCV, Marauder  
  104  9:18  Supply Depot  
  104  9:20  SCV x2, Marine x2  
  108  9:26  SCV  
  108  9:27  Refinery  
  108  9:28  Refinery  
  109  9:32  SCV x2  
  109  9:35  Marauder  
  109  9:38  SCV, Marine x2, Medivac x2  
  118  9:39  Thor  
  118  9:41  Supply Depot  
  126  9:51  Factory Tech Lab  
  126  9:53  Barracks Tech Lab  
  126  9:54  Barracks Reactor  
  126  9:56  Marine x2  
  126  9:57  Marauder  
  130  10:05  Supply Depot  
  130  10:14  Marine x2  
  130  10:18  Marauder  
  134  10:28  Supply Depot  
  134  10:32  Marine x2  
  125  10:40  Marauder  
  127  10:50  Marine x2  
  127  10:51  Supply Depot  
  129  11:01  Marauder  
  119  11:16  Supply Depot  
  107  11:22  Marauder  
  107  11:24  Marauder, Marine  
  107  11:25  Marine x3  
  112  11:27  Thor  
  112  11:28  Thor  
  125  11:36  Planetary Fortress, Missile Turret  
  125  11:39  SCV, Supply Depot  
  126  11:40  SCV x3  
  126  11:42  Marine  
  126  11:43  Marine x3  
  126  11:44  Marauder  
  126  11:45  Marauder  
  137  11:51  SCV  
  137  11:52  SCV x3, Starport Reactor, Starport Tech Lab  
  141  11:56  Missile Turret  
  141  12:00  Marine  
  141  12:01  Barracks, Marine x3  
  145  12:03  SCV  
  145  12:04  SCV x3  
  145  12:05  Marauder  
  145  12:07  Marauder  
  153  12:10  Thor x2  
  165  12:16  Refinery, SCV x3  
  165  12:17  Refinery, Missile Turret  
  165  12:18  Marine x3  
  165  12:19  Orbital Command, Marine  
  172  12:24  Refinery  
  172  12:26  Refinery  
  172  12:27  Marauder  
  172  12:28  SCV x2, Marauder  
  178  12:36  Marine x4  
  180  12:37  Command Center  
  180  12:38  Missile Turret  
  170  12:48  Marauder  
  170  12:49  Marauder  
  160  12:53  Thor  
  160  12:54  Marine x4  
  164  13:09  Marauder  
  164  13:11  Marauder  
  163  13:15  Marine x3  
  163  13:16  Marine x2  
  155  13:31  Marauder  
  155  13:32  Marauder  
  155  13:33  Marine x3  
  155  13:34  Marine x2  
  163  13:36  SCV x5  
  169  13:48  SCV x5  
  170  13:51  Marine x2  
  170  13:52  Barracks Tech Lab, Marauder  
  170  13:54  Marauder  
  178  14:00  SCV x5  
Show
View Real Time Build Order
Export as new Build Order

qqq Zerg - Winner!

Build Orders: Hatch First 

Get SALT Encoding   

  12  0:18  Drone x2  
  14  0:41  Hatchery  
  13  0:55  Spawning Pool  
  12  1:04  Drone  
  12  1:05  Drone  
  12  1:10  Overlord  
  14  1:14  Extractor  
  13  1:18  Drone  
  14  1:38  Drone  
  14  1:39  Drone  
  16  1:59  Drone x2  
  16  2:00  Drone  
  19  2:01  Queen  
  21  2:15  Zergling x2  
  22  2:17  Drone x2  
  22  2:20  Metabolic Boost  
  24  2:31  Zergling x2  
  24  2:32  Zergling x2  
  26  2:38  Drone x2  
  28  2:44  Overlord  
  28  2:47  Overlord  
  28  2:54  Baneling Nest  
  28  2:56  Drone  
  28  3:05  Zergling x2  
  29  3:08  Queen  
  29  3:11  Drone  
  32  3:15  Drone  
  33  3:20  Zergling x2  
  33  3:21  Zergling x2  
  33  3:23  Zergling x2  
  36  3:35  Zergling x2  
  36  3:36  Zergling x2  
  36  3:39  Zergling x2  
  36  3:40  Zergling x2  
  40  3:48  Zergling x6  
  43  3:50  Drone  
  43  3:52  Baneling x4  
  43  3:53  Baneling x2  
  44  3:59  Overlord  
  44  4:09  Overlord  
  44  4:17  Zergling x2  
  44  4:22  Zergling x6  
  48  4:26  Drone, Zergling x4  
  51  4:34  Drone  
  51  4:35  Zergling x4  
  54  4:44  Zergling x4  
  45  5:13  Zergling x2  
  45  5:14  Zergling x6  
  46  5:15  Drone x2  
  46  5:16  Zergling x6  
  46  5:19  Roach Warren  
  47  5:23  Drone  
  48  5:39  Hatchery  
  47  5:56  Zergling x2  
  48  6:00  Drone  
  49  6:04  Baneling x4  
  49  6:07  Hatchery  
  49  6:09  Zergling x2  
  49  6:10  Hatchery, Zergling x2  
  49  6:12  Roach  
  51  6:19  Drone x2, Roach  
  51  6:22  Hatchery  
  54  6:33  Lair  
  54  6:35  Overlord x2  
  54  6:40  Spore Crawler  
  54  6:43  Spore Crawler  
  54  6:46  Overlord  
  52  6:52  Drone x2  
  52  6:53  Drone  
  55  6:55  Drone  
  55  7:00  Roach  
  58  7:02  Roach  
  58  7:06  Roach  
  58  7:07  Drone  
  63  7:09  Drone  
  64  7:25  Drone x7, Extractor  
  64  7:28  Extractor  
  69  7:30  Extractor  
  69  7:33  Drone x3  
  69  7:36  Glial Reconstitution  
  71  7:51  Spore Crawler  
  70  7:52  Drone x3, Spine Crawler  
  70  7:53  Drone x3  
  73  8:08  Drone x2  
  73  8:09  Drone x2, Spire  
  73  8:12  Spore Crawler  
  75  8:15  Spore Crawler  
  75  8:17  Spore Crawler  
  75  8:18  Drone x2  
  75  8:20  Drone  
  75  8:26  Roach x2  
  81  8:34  Drone x4  
  81  8:35  Drone  
  81  8:39  Roach x2  
  81  8:41  Roach  
  91  8:47  Drone x3  
  94  8:50  Roach x2  
  94  8:51  Roach  
  99  9:08  Roach x5  
  99  9:18  Overseer  
  99  9:20  Pneumatized Carapace  
  99  9:21  Corruptor x2  
  93  9:44  Spine Crawler  
  92  9:46  Roach  
  92  9:47  Overlord x3  
  94  9:52  Spine Crawler  
  68  10:28  Roach x6  
  76  10:29  Drone x3  
  76  10:30  Drone x6  
  87  10:36  Spine Crawler  
  86  10:49  Zerg Flyer Weapons Level 1  
  86  10:50  Hatchery  
  86  10:51  Drone x3  
  86  10:53  Mutalisk x4  
  86  10:54  Hatchery  
  95  11:02  Drone x4  
  95  11:04  Overlord x2  
  99  11:10  Hatchery  
  98  11:11  Hatchery  
  98  11:12  Roach  
  98  11:13  Roach  
  98  11:14  Drone x4  
  98  11:15  Drone  
  106  11:22  Zergling x4  
  108  11:27  Drone x3  
  108  11:30  Spine Crawler x2  
  109  11:33  Spine Crawler x2  
  109  11:34  Drone x3  
  109  11:37  Mutalisk x2  
  114  11:46  Drone x3  
  117  11:55  Corruptor x2  
  121  12:05  Drone x3  
  121  12:07  Overlord, Infestation Pit  
  123  12:08  Zergling x2  
  123  12:09  Zergling x8  
  123  12:12  Drone x3  
  131  12:17  Mutalisk  
  131  12:20  Zergling x4  
  131  12:21  Drone x3  
  138  12:33  Drone x2  
  134  12:39  Mutalisk  
  134  12:41  Mutalisk  
  137  12:44  Extractor  
  137  12:46  Extractor, Spore Crawler  
  137  12:48  Spore Crawler x2  
  137  12:49  Spore Crawler  
  137  12:50  Spore Crawler  
  128  12:52  Spore Crawler x2  
  128  12:53  Drone x4  
  128  12:54  Drone  
  128  12:56  Drone x3  
  134  13:07  Mutalisk  
  134  13:09  Zergling x8  
  134  13:10  Zergling x14  
  134  13:12  Hydralisk Den  
  133  13:42  Zergling x6  
  133  13:43  Roach x5  
  133  13:44  Drone x2, Roach x2  
  133  13:45  Drone x6  
  150  13:50  Hatchery  
  150  13:52  Hatchery  
Show
View Real Time Build Order
Export as new Build Order

Quarantine Zerg 

Build Orders: Hatch First 

Get SALT Encoding   

  12  0:01  Drone  
  13  0:13  Overlord  
  13  0:18  Drone  
  14  0:34  Drone x2  
  16  0:38  Drone  
  17  0:59  Drone  
  17  1:01  Hatchery  
  17  1:07  Extractor  
  17  1:08  Drone  
  17  1:19  Drone  
  18  1:26  Drone, Spawning Pool  
  18  1:37  Drone  
  19  1:50  Overlord  
  19  1:58  Drone  
  20  2:10  Drone  
  20  2:13  Queen x2  
  20  2:15  Zergling x4  
  26  2:20  Metabolic Boost  
  27  2:28  Zergling x4  
  29  2:40  Zergling x2  
  29  2:41  Zergling x2  
  31  3:21  Baneling Nest  
  30  3:49  Drone  
  30  3:50  Drone x5  
  30  3:53  Overlord x3  
  36  4:20  Hatchery  
  35  4:25  Roach Warren, Baneling  
  35  4:30  Drone  
  38  4:31  Drone x9  
  38  4:32  Lair  
  38  4:36  Extractor  
  43  4:43  Baneling x3  
  42  5:02  Queen  
  40  5:09  Roach  
  40  5:10  Roach x8  
  58  5:25  Zergling x2  
  58  5:26  Zergling x2  
  60  5:42  Queen  
  62  5:44  Roach x2  
  62  5:46  Baneling  
  62  5:47  Baneling  
  66  6:08  Baneling x2  
  65  6:19  Overlord  
  65  6:20  Overlord x3  
  65  6:26  Overlord x4  
  65  6:27  Overlord  
  65  6:34  Extractor  
  65  6:37  Extractor  
  63  6:49  Drone  
  63  6:50  Drone x7  
  71  6:59  Hydralisk Den  
  71  7:00  Ravager  
  71  7:02  Drone x3  
  71  7:03  Drone  
  71  7:04  Drone x2  
  77  7:14  Overseer  
  77  7:18  Zergling x4  
  77  7:19  Zergling x6  
  82  7:32  Drone x2, Lurker Den  
  83  7:39  Baneling x2  
  82  7:48  Overseer  
  82  7:50  Spore Crawler  
  81  7:54  Spore Crawler  
  81  7:57  Extractor, Drone  
  81  7:58  Drone x2, Extractor  
  81  8:00  Drone x3  
  81  8:05  Zergling x8  
  85  8:06  Zergling x8  
  92  8:24  Drone  
  92  8:25  Drone x4  
  90  8:47  Zergling x12  
  96  8:50  Drone x2  
  96  8:53  Spire  
  97  9:00  Burrow  
  95  9:09  Drone x4  
  96  9:10  Overlord  
  96  9:15  Zergling x4  
  96  9:37  Zergling x4  
  96  9:38  Zergling x12  
  102  9:40  Queen x2  
  106  9:51  Roach x3  
  109  10:07  Mutalisk  
  109  10:08  Mutalisk x5  
  119  10:20  Hatchery  
  113  10:29  Mutalisk  
  113  10:30  Mutalisk x6  
  102  10:45  Roach  
  102  10:46  Roach x4  
  76  11:19  Roach  
  76  11:20  Roach x8  
  94  11:25  Mutalisk x2  
  94  11:26  Mutalisk  
  100  11:41  Mutalisk x3  
  100  11:45  Mutalisk  
  100  11:46  Mutalisk x3  
  111  11:54  Drone x3  
  111  11:59  Mutalisk  
  111  12:00  Mutalisk x5  
  125  12:09  Hydralisk  
  125  12:10  Hydralisk x4  
  135  12:16  Evolution Chamber  
  135  12:17  Evolution Chamber  
  133  12:25  Overlord x5  
  131  12:44  Mutalisk x6  
  143  12:51  Glial Reconstitution  
  143  13:06  Hydralisk x5  
  151  13:19  Roach  
  137  13:20  Roach x9  
  137  13:49  Hydralisk  
  137  13:50  Hydralisk x9  
  127  14:01  Lurker  
Show
View Real Time Build Order
Export as new Build Order

HorstEBiker Protoss 

Build Orders: Nexus First, Zealot Archon 

Get SALT Encoding   

  12  0:03  Probe  
  13  0:15  Probe  
  14  0:27  Probe  
  15  0:28  Pylon  
  15  0:46  Probe  
  16  0:58  Nexus  
  16  1:04  Probe  
  17  1:13  Gateway  
  17  1:20  Probe  
  17  1:23  Assimilator  
  18  1:30  Probe  
  18  1:37  Pylon  
  18  1:38  Probe  
  20  1:49  Gateway  
  20  2:00  Probe  
  21  2:06  Cybernetics Core  
  21  2:12  Probe  
  22  2:19  Assimilator  
  22  2:24  Probe  
  22  2:25  Pylon  
  23  2:33  Adept  
  23  2:35  Probe  
  23  2:38  Probe  
  27  2:45  Warp Gate  
  27  3:12  Probe  
  27  3:15  Probe  
  29  3:20  Probe  
  29  3:22  Pylon  
  29  3:27  Probe  
  30  3:31  Adept  
  32  3:36  Probe  
  32  3:39  Probe  
  34  3:47  Gateway  
  34  3:48  Probe  
  34  3:51  Probe  
  36  3:56  Robotics Facility  
  36  3:58  Stalker  
  36  4:00  Probe  
  39  4:03  Probe  
  39  4:07  Shield Battery  
  40  4:10  Pylon  
  40  4:12  Probe  
  40  4:15  Probe  
  42  4:21  Probe  
  42  4:24  Pylon  
  42  4:26  Assimilator  
  42  4:27  Probe  
  42  4:28  Assimilator  
  42  4:29  Probe  
  44  4:36  Stargate  
  44  4:37  Sentry  
  44  4:38  Sentry  
  49  4:43  Adept  
  51  4:58  Gateway  
  51  5:02  Adept x2  
  53  5:18  Adept  
  55  5:28  Adept  
  55  5:29  Adept  
  59  5:36  Immortal  
  59  5:37  Probe x2  
  59  5:40  Phoenix  
  67  5:48  Gateway  
  67  5:49  Probe x2, Forge  
  69  5:53  Gateway  
  69  6:01  Probe x2  
  71  6:05  Phoenix  
  73  6:13  Probe x2  
  75  6:18  Stalker  
  77  6:25  Probe  
  77  6:26  Twilight Council  
  78  6:48  Pylon  
  78  6:49  Nexus  
  78  6:51  Pylon  
  78  6:54  Pylon  
  78  7:02  Pylon  
  78  7:04  Pylon  
  78  7:05  Photon Cannon  
  78  7:06  Probe x2  
  80  7:09  Templar Archives, Pylon  
  80  7:10  Charge  
  80  7:11  Zealot, Pylon  
  80  7:12  Zealot x2  
  86  7:18  Photon Cannon  
  86  7:30  Dark Shrine  
  86  7:32  Warp Prism  
  86  7:35  Psionic Storm  
  88  7:40  Probe x2  
  90  7:47  High Templar x3  
  96  7:51  Archon  
  96  7:52  Probe x2  
  98  8:26  Stalker x2  
  102  8:27  Stalker x2  
  102  8:28  Stalker  
  108  8:46  Dark Templar  
  110  8:50  Zealot x3  
  110  8:51  Zealot x2  
  120  9:11  Zealot x5  
  128  9:28  Zealot  
  126  9:45  Zealot x5  
  130  10:19  Stalker x5  
  104  10:38  Dark Templar  
  100  10:45  Dark Templar x2  
  100  10:46  Dark Templar x3  
  94  11:06  Probe  
  94  11:10  Probe x2  
  97  11:12  High Templar  
  97  11:14  Probe  
  97  11:15  Blink  
  97  11:20  Stalker x3  
  97  11:21  Stalker x2  
  97  11:22  Probe x2  
  110  11:29  Probe  
  111  11:34  Probe x2  
  113  11:41  Probe  
  114  11:48  Photon Cannon  
  114  11:50  Photon Cannon  
  114  11:51  Photon Cannon  
  114  11:57  High Templar x2  
  114  11:58  High Templar x3, Assimilator  
  114  12:00  Assimilator  
  124  12:06  Archon  
  124  12:07  Archon  
  124  12:08  Zealot  
  126  12:16  Probe x2  
  128  12:30  Stalker  
  128  12:31  Nexus, Stalker  
  128  12:32  Stalker x4  
  128  12:34  Pylon  
  140  12:37  Pylon  
  132  12:53  Zealot  
  132  13:02  Stalker x2  
  132  13:03  Stalker x3  
  132  13:07  Archon  
  107  13:23  Zealot  
  109  13:30  Zealot x3  
  109  13:31  High Templar x2  
  117  13:49  Zealot  
  117  13:54  Archon  
Tags
 
Add a new tag
Caveats
  • Supply blocks, unpowered buildings, or Contaminate may cause inaccurate times.
  • Supply counts are checked every 10 seconds.